 Dungeon Crawl Stone Soup version 0.17.0-26-gececa24 (webtiles) character file.

989 MirrMurr the Grappler (level 8, -10/70 HPs)
             Began as a Ghoul Monk on Nov 20, 2015.
             Was an Elder of Makhleb.
             Mangled by a two-headed ogre
             ... wielding a +0 giant club
              (20 damage)
             ... on level 6 of the Dungeon.
             The game lasted 00:16:38 (4163 turns).

MirrMurr the Grappler (Ghoul Monk)                  Turns: 4163, Time: 00:16:38

Health: -10/70     AC:  8    Str: 15    XL:     8   Next: 18%
Magic:  7/7        EV:  8    Int:  5    God:    Makhleb [****..]
Gold:   309        SH:  0    Dex: 13    Spells: 0 memorised, 7 levels left

rFire  . . .     SeeInvis .       - Unarmed
rCold  + . .     Clarity  +     r - +0 chain mail
rNeg   + + +     SustAt   .     (no shield)
rPois  ∞         Gourm    .     f - -1 helmet
rElec  .         Spirit   .     (no cloak)
rCorr  .         Warding  .     (no gloves)
rMut   .         Stasis   .     (no boots)
MR     .....                    j - amulet of clarity
Stlth  ..........               (no ring)
                                (no ring)

@: rotting, not resistant to hostile enchantments, extremely unstealthy
A: rotting body, claws 1, carnivore 3, cold resistance 1, negative energy
resistance 3, slow regeneration 1, torment resistance, unbreathing
a: Minor Destruction, Lesser Servant of Makhleb, Major Destruction, Renounce
Religion


You were on level 6 of the Dungeon.
You worshipped Makhleb.
Makhleb was greatly pleased with you.
You were not hungry.

You visited 1 branch of the dungeon, and saw 6 of its levels.

You collected 309 gold pieces.

Inventory:

Hand Weapons
 a - a +0 blowgun
 e - a cursed -2 dagger
Missiles
 c - 86 stones
 g - 2 javelins (quivered)
 i - 4 tomahawks
 p - 21 poisoned needles
 x - 7 needles of frenzy
Armour
 f - a -1 helmet (worn)
 r - a +0 chain mail (worn)
 y - a +0 plate armour
Jewellery
 j - an amulet of clarity (around neck)
 w - a cursed ring of teleportation {unknown}
Wands
 v - a wand of magic darts (48)
Scrolls
 q - a scroll of identify
 s - 3 scrolls of remove curse
 t - 2 scrolls of amnesia
 u - 2 scrolls of recharging
Potions
 k - a potion of degeneration
 l - 2 potions of lignification
Comestibles
 b - 3 meat rations
 d - 7 chunks of flesh
 h - 2 beef jerkies


   Skills:
 + Level 6.0 Fighting
 + Level 4.8 Dodging
 - Level 2.1 Stealth
 * Level 8.4 Unarmed Combat


You had 7 spell levels left.
You didn't know any spells.

Dungeon Overview and Level Annotations

Branches:
Dungeon (6/15)             Temple (0/1) D:6

Altars:
Dithmenos
Elyvilon
Gozag
Makhleb
Okawaru
Trog

Annotations:
D:4 come back, P0WERM0DE's ghost, novice VSWn


Innate Abilities, Weirdness & Mutations

Your body is rotting away.
You thrive on raw meat.
You are immune to poison.
You have sharp fingernails.
You are carnivorous and can eat meat at any time.
Your flesh is cold resistant.
You are immune to negative energy.
You regenerate slowly when monsters are visible.
You are immune to unholy pain and torment.
You can survive without breathing.


Message History

The orc wizard hits you but does no damage.
The orc hits you from afar with a trident.
* * * LOW HITPOINT WARNING * * *
The orc wizard hits you but does no damage.
You continue eating.
The orc wizard hits you with a dagger.
* * * LOW HITPOINT WARNING * * *
The orc hits you but does no damage.
You continue eating.
The orc wizard gestures wildly while chanting.
The orc wizard blinks!
Eat one of 8 chunks of flesh? (ye/n/q/i?) This raw flesh tastes great!
The orc hits you from afar with a trident.
* * * LOW HITPOINT WARNING * * *
The two-headed ogre closely misses you. x2
You continue eating.
The orc barely misses you. The two-headed ogre barely misses you.
The two-headed ogre hits you with a giant spiked club!!
You die...

####.......# ...
#.......# ....
#.......###....
#..............
#.(..oo........
#....##....###
###o..##....###### #
#..O####.........####
#...@[##oO.....[.....
#.........#..........
###.......#..........
#.......#######....
#...........###....
#..................
###................
#.....##.........
.......##..a.....#


You could see a two-headed ogre and an orc.

Vanquished Creatures
  The ghost of zigs the Archer, a novice SpHu (D:5)
  An orc warrior (D:6)
  A black bear (D:6)
  An ice beast (D:5)
  A giant frog (D:6)
  2 scorpions
  2 orc priests (D:6)
  A centaur skeleton (D:6)
  2 orc wizards (D:6)
  2 worker ants (D:5)
  A killer bee zombie (D:5)
  3 adders
  An ooze (D:3)
  An adder skeleton (D:4)
  2 worms
  4 giant geckos
  19 orcs
  A ball python (D:2)
  A giant cockroach (D:1)
  5 goblins
  2 hobgoblins (D:1)
  14 jackals
  10 kobolds
  A quokka (D:5)
  7 bats
  A giant gecko zombie (D:6)
  3 giant newts
  A quokka skeleton (D:6)
  9 rats
100 creatures vanquished.

Notes
Turn   | Place    | Note
--------------------------------------------------------------
     0 | D:1      | MirrMurr the Ghoul Monk began the quest for the Orb.
     0 | D:1      | Reached XP level 1. HP: 19/19 MP: 0/0
   334 | D:1      | Reached XP level 2. HP: 21/24 MP: 1/1
  1270 | D:2      | Reached XP level 3. HP: 26/30 MP: 2/2
  1545 | D:3      | Found a burning altar of Makhleb.
  1576 | D:3      | Found a white marble altar of Elyvilon.
  1583 | D:3      | Reached skill level 5 in Unarmed Combat
  1584 | D:3      | Found a bloodstained altar of Trog.
  1628 | D:3      | Became a worshipper of Makhleb the Destroyer
  1628 | D:3      | Reached * piety under Makhleb
  1628 | D:3      | Reached ** piety under Makhleb
  1680 | D:3      | Found a shadowy altar of Dithmenos.
  2001 | D:3      | Reached XP level 4. HP: 40/40 MP: 3/3
  2311 | D:4      | Noticed P0WERM0DE's ghost (novice VSWn)
  2631 | D:5      | Entered Level 5 of the Dungeon
  2650 | D:5      | Reached XP level 5. HP: 39/44 MP: 4/4
  2711 | D:5      | Reached *** piety under Makhleb
  2756 | D:5      | Reached skill level 6 in Unarmed Combat
  2867 | D:5      | Noticed zigs's ghost (novice SpHu)
  2907 | D:5      | Killed zigs's ghost
  2907 | D:5      | Reached skill level 5 in Fighting
  2907 | D:5      | Reached XP level 6. HP: 22/56 MP: 5/5
  2955 | D:5      | Reached skill level 7 in Unarmed Combat
  3188 | D:5      | Reached XP level 7. HP: 59/61 MP: 6/6
  3234 | D:5      | Found an opulent altar of Gozag.
  3270 | D:5      | Noticed an ice beast
  3285 | D:5      | Killed an ice beast
  3838 | D:6      | Found a staircase to the Ecumenical Temple.
  3873 | D:6      | Reached skill level 8 in Unarmed Combat
  3945 | D:6      | Reached **** piety under Makhleb
  3945 | D:6      | Reached XP level 8. HP: 66/70 MP: 7/7
  4073 | D:6      | Found an iron altar of Okawaru.
  4097 | D:6      | Noticed a two-headed ogre
  4163 | D:6      | Mangled by a two-headed ogre

Action                   |  1- 3 |  4- 6 |  7- 9 || total
-------------------------+-------+-------+-------++-------
Melee: Unarmed           |   132 |   145 |   155 ||   432
Throw: Stone             |    14 |       |       ||    14
       Javelin           |     2 |       |       ||     2
Invok: Minor Destruction |       |       |     6 ||     6
  Use: Scroll            |     4 |     2 |       ||     6
       Potion            |       |     4 |     5 ||     9
 Stab: Sleeping          |     1 |       |       ||     1
  Eat: Chunk             |     6 |    12 |    25 ||    43
